 Dungeon Crawl Stone Soup version 0.22.0-49-gab54619 (webtiles) character file.

57986 Merlin the Protected (level 14, -8/113 HPs)
             Began as a Gnoll Wanderer on Sept 6, 2018.
             Was a High Priest of Ashenzari.
             Killed from afar by a deep elf knight (34 damage)
             ... with a shard of ice
             ... on level 1 of the Elven Halls on Sept 7, 2018.
             The game lasted 02:45:30 (17101 turns).

Merlin the Protected (Gnoll Wanderer)              Turns: 17101, Time: 02:45:31

Health: -8/113     AC: 16    Str: 18    XL:     14   Next: 88%
Magic:  0/27       EV: 20    Int: 29    God:    Ashenzari [*****.]
Gold:   227        SH: 13    Dex: 20    Spells: 5/31 levels left

rFire    . . .     SeeInvis +   k - +2 demon whip "Byofu" {freeze, +Inv Str+2 Int-5} (curse)
rCold    + . .     Gourm    .   O - +0 shield "Punixoemp" {rPois Dex+2} (curse)
rNeg     . . .     Faith    .   w - +1 ring mail of Serendipity {*Contam +Fly rCorr Int+8} (curse)
rPois    +         Spirit   +   z - +2 helmet (curse)
rElec    +         Reflect  .   S - scarf {Spirit}
rCorr    +         Harm     .   p - +2 pair of gloves (curse)
MR       ++++.     Clarity  +   (no boots)
Stlth    ++++......             x - amulet "Leri Wuikk" {+Fly rC+ Regen+ Str+4}
HPRegen  0.68/turn              Q - ring of the Messenger {rElec rPois Str-2 Int+3}
MPRegen  0.20/turn              A - ring of Xom's Passing Interest {*Drain MR+++ Int+6 SInv} (curse)

@: very slightly contaminated, studying Evocations
A: distributed training, fangs 1, strong nose
a: Curse Item, Scrying, Renounce Religion, Evoke Invisibility, Evoke Flight


You were on level 1 of the Elven Halls.
You worshipped Ashenzari.
Ashenzari was extremely pleased with you.
You were not hungry.

You visited 5 branches of the dungeon, and saw 21 of its levels.
You also visited: Labyrinth.

You collected 2129 gold pieces.
You spent 1902 gold pieces at shops.

Inventory:

Hand Weapons
 k - the cursed +2 demon whip "Byofu" (weapon) {freeze, +Inv Str+2 Int-5}
   (You bought it in a shop on level 2 of the Orcish Mines)

   It has been specially enchanted to freeze those struck by it, causing extra
   injury to most foes and up to half again as much damage against particularly
   susceptible opponents.
   It can also slow down cold-blooded creatures.
   It affects your strength (+2).
   It affects your intelligence (-5).
   It lets you turn invisible.
   It has a curse placed upon it.
 C - the +8 glaive of the Guard {elec, +Rage AC+5 SInv}
   (You found it on level 4 of the Dungeon)

   Occasionally, upon striking a foe, it will discharge some electrical energy
   and cause terrible harm.
   It affects your AC (+5).
   It lets you see invisible.
   It lets you go berserk.
 K - the +7 quarterstaff of Uvoisum {protect, rElec Dex-2 Stlth+}
   (You found it on level 5 of the Lair of Beasts)

   It protects the one who uses it against injury (+AC on strike).
   It affects your dexterity (-2).
   It insulates you from electricity.
   It makes you more stealthy.
Missiles
 b - 148 bolts
 N - 12 javelins (quivered)
Armour
 g - a +3 scale mail of poison resistance
 p - a cursed +2 pair of gloves (worn)
 w - the cursed +1 ring mail of Serendipity (worn) {*Contam +Fly rCorr Int+8}
   (You found it on level 4 of the Dungeon)

   It affects your intelligence (+8).
   It lets you fly.
   It causes magical contamination when unequipped.
   It provides partial protection from all sources of acid and corrosion.
   It has a curse placed upon it.
 z - a cursed +2 helmet (worn)
 O - the cursed +0 shield "Punixoemp" (worn) {rPois Dex+2}
   (You bought it in a shop on level 2 of the Orcish Mines)

   It affects your dexterity (+2).
   It protects you from poison.
   It has a curse placed upon it.
 S - a scarf of spirit shield (worn)
Jewellery
 l - an uncursed amulet of the acrobat
 x - the amulet "Leri Wuikk" (around neck) {+Fly rC+ Regen+ Str+4}
   (You bought it in a shop on level 2 of the Orcish Mines)

   [amulet of regeneration]

   It affects your strength (+4).
   It protects you from cold.
   It lets you fly.
   It increases your rate of regeneration.
 A - the cursed ring of Xom's Passing Interest (right hand) {*Drain MR+++ Int+6 SInv}
   (You took it off a minotaur in a labyrinth)

   [ring of see invisible]

   It affects your intelligence (+6).
   It affects your resistance to hostile enchantments.
   It lets you see invisible.
   It causes draining when unequipped.
   It has a curse placed upon it.
 E - an uncursed ring of protection from fire
 Q - the ring of the Messenger (left hand) {rElec rPois Str-2 Int+3}
   (You found it in a labyrinth)

   [ring of poison resistance]

   It affects your strength (-2).
   It affects your intelligence (+3).
   It insulates you from electricity.
   It protects you from poison.
Wands
 c - a wand of paralysis (4)
 o - a wand of flame (57)
 F - a wand of iceblast (8)
 I - a wand of enslavement (25)
 J - a wand of disintegration (12)
 M - a wand of digging (13)
 R - a wand of acid (10)
Scrolls
 a - a scroll of remove curse
 h - 4 scrolls of enchant armour
 i - 3 scrolls of immolation
 m - 3 scrolls of amnesia
 r - 2 scrolls of magic mapping
 t - 2 scrolls of fear {unknown}
 D - 2 scrolls of enchant weapon
 H - 2 scrolls of fog {unknown}
 T - a scroll of acquirement {unknown}
 V - 9 scrolls of teleportation
 W - 2 scrolls of vulnerability
 X - a scroll of silence {unknown}
 Z - a scroll of holy word {Identify this}
Potions
 d - 2 potions of agility
 q - a potion of resistance {unknown}
 s - a potion of berserk rage {unknown}
 u - 3 potions of brilliance
 v - 3 potions of might
 B - a potion of flight
 G - a potion of lignification
 P - a potion of haste
 Y - a potion of magic
Books
 y - a manual of Evocations
Miscellaneous
 e - a crystal ball of energy
 L - a phial of floods
 U - a lamp of fire
Comestibles
 f - 32 rations
 n - 3 chunks of flesh


   Skills:
 + Level 11.3 Fighting
 + Level 9.4 Short Blades
 + Level 9.4 Long Blades
 + Level 9.4 Axes
 + Level 9.4(13.2) Maces & Flails
 + Level 9.4 Polearms
 + Level 9.4 Staves
 + Level 9.4 Slings
 + Level 9.4 Bows
 + Level 9.8 Crossbows
 + Level 9.4 Throwing
 + Level 12.3(14.6) Armour
 + Level 9.4(11.9) Dodging
 + Level 9.7 Stealth
 + Level 9.4(11.9) Shields
 + Level 9.4 Unarmed Combat
 + Level 9.4 Spellcasting
 + Level 7.9 Conjurations
 + Level 7.9 Hexes
 + Level 7.9 Charms
 + Level 7.9 Summonings
 + Level 7.9 Necromancy
 + Level 7.9 Translocations
 + Level 7.9 Transmutations
 + Level 7.9 Fire Magic
 + Level 7.9 Ice Magic
 + Level 7.9 Air Magic
 + Level 7.9 Earth Magic
 + Level 7.9 Poison Magic
 + Level 10.2 Invocations
 + Level 10.7 Evocations


You had 5 spell levels left.
You knew the following spells:

 Your Spells              Type           Power        Failure   Level  Hunger
a - Shroud of Golubria    Chrm/Tloc      ######....   1%          2    None
b - Spectral Weapon       Hex/Chrm       ######..     1%          3    None
c - Regeneration          Chrm/Necr      ######....   1%          3    None
d - Stone Arrow           Conj/Erth      ######       1%          3    None
e - Leda's Liquefaction   Hex/Erth       ######....   3%          4    None
f - Summon Forest         Summ/Tloc      ######....   10%         5    ####...
g - Hydra Form            Tmut           ######....   45%         6    #####..

Your spell library contained the following spells:

 Spells                   Type           Power        Failure   Level  Hunger
 Infusion                 Chrm           ####         1%          1    None
 Corpse Rot               Necr           N/A          1%          2    None
 Song of Slaying          Chrm           ######..     1%          2    None
 Ice Form                 Ice/Tmut       ######..     3%          4    None
 Metabolic Englaciation   Hex/Ice        ######....   10%         5    ####...
 Bolt of Cold             Conj/Ice       ######....   45%         6    #####..
 Freezing Cloud           Conj/Ice/Air   ######....   45%         6    #####..
 Ozocubu's Refrigeration  Ice            ######....   45%         6    #####..
 Simulacrum               Ice/Necr       ######....   45%         6    #####..
 Summon Hydra             Summ           ######....   96%         7    #######


Dungeon Overview and Level Annotations

Branches:
Dungeon (12/15)            Temple (0/1) D:7            Lair (5/6) D:10
  Swamp (0/4) Lair:3       Spider (1/4) Lair:3        Slime (0/5) Lair:5
    Orc (2/2) D:12            Elf (1/3) Orc:2

Altars:
Ashenzari
Fedhas
Gozag
Kikubaaqudgha
Nemelex Xobeh
Qazlal
Sif Muna
Uskayaw
Wu Jian
Yredelemnul
Zin
The Shining One
Beogh

Shops:
D:5 [   D:6 [   D:8 }   D:11 (   Orc:2 *(:([=(}:

Annotations:
D:2 Sigmund


Innate Abilities, Weirdness & Mutations

Your experience applies equally to all skills.
You have very sharp teeth.
Your uncanny sense of smell can sniff out nearby items.


Message History

The deep elf demonologist casts a spell.
The deep elf knight gestures at you while chanting.
You block the shard of ice.
You fail to use your ability.
Your skin stops crawling.
The deep elf knight hits you with a short sword.
* * * LOW HITPOINT WARNING * * *
Unknown command.
Aiming: Enslavement
Press: ? - help, Shift-Dir - straight line, f - deep elf mage, p - deep elf
Aim: a deep elf mage, wielding a short sword (hasn't noticed you, chance to The deep elf mage shouts!
The deep elf mage is charmed.
The deep elf knight casts a spell at you.
The shard of ice misses you.
The deep elf mage mumbles some strange words.
The deep elf mage blinks!
The deep elf knight points at you and mumbles some strange words.
The shard of ice hits you! You partially resist.
You die...

#.##.{.##..).#§.{..###.......###
#.'...##............+........#
#)##.e.##..⌠..##...##........#
#(.##.{{##...##...##.(########
##(.#....##.##.e..#..########.#
##.##..{.###)...##.#######*,..*
#.e#...2.#.....#..#######, ...
##)##..§2####.##.#######. , ,
#..#..(e3e.e@#..######..,, ,
##.(#########'.######...,, ,
######################.. ,{
#######################.∆ ,
######################## ,,
##P8P##################**,,, *
e..e..e################ * *
,........############## * * *+ ,
{,#+#############*


You could see a reaper, a deep elf demonologist, a deep elf archer, a deep elf
knight (invisible), a smoke demon and a friendly deep elf mage.

Vanquished Creatures
  An entropy weaver (Spider:1)
  A minotaur (Lab)
  4 hydras
  2 two-headed ogres (D:12)
  A dancing weapon (Elf:1)
  15 death yaks
  5 orc high priests (Orc:2)
  2 unseen horrors (D:12)
  9 deep elf magi
  A deep elf archer (Elf:1)
  Pikel (D:7)
  An orc knight (Orc:2)
  A wolf spider (Spider:1)
  2 orc sorcerers
  A cyclops (Orc:1)
  2 black mambas (Lair:4)
  A centaur skeleton (D:12)
  Psyche (D:8)
  A rime drake (Lair:1)
  A torpor snail (Lair:4)
  4 komodo dragons
  8 spiny frogs
  The ghost of Lavandula the Chopper, an amateur CeBe of Trog (D:5)
  3 jumping spiders (Spider:1)
  5 trolls
  Grinder (D:3)
  A bog body (Lair:3)
  4 blink frogs
  3 slime creatures
  6 hippogriffs
  10 redbacks
  A wraith (D:11)
  2 wyverns
  37 yaks
  A fire elemental (Elf:1)
  11 basilisks
  5 hungry ghosts
  4 swamp worms (Lair:3)
  7 wargs
  15 water moccasins
  10 porcupines
  4 ice beasts
  4 black bears
  10 ogres
  13 orc warriors
  2 sky beasts
  A wolf (Lair:2)
  5 necrophages (Lair:4)
  2 phantoms
  4 centaurs
  5 crocodiles
  A big kobold (D:10)
  8 bullfrogs
  A wyvern zombie (D:5)
  3 scorpions
  4 killer bees (D:12)
  4 wights (D:9)
  4 electric eels
  4 howler monkeys
  3 crimson imps
  2 centaur zombies (D:5)
  14 jellies
  A quasit (D:8)
  An iron imp (D:5)
  5 hounds
  A bullfrog skeleton (D:10)
  29 orc priests
  18 orc wizards
  6 iguanas
  5 worker ants
  A killer bee zombie (D:5)
  A hound zombie (D:8)
  2 hound skeletons
  11 adders
  4 shadow imps
  14 oozes
  An adder zombie (D:5)
  2 adder skeletons
  3 worms
  2 dart slugs
  4 leopard geckos
  84 orcs
  4 ball pythons
  9 bats
  7 giant cockroaches
  9 goblins
  12 hobgoblins
  10 jackals
  2 quokkas
  8 frilled lizards
  A goblin skeleton (D:5)
  4 hobgoblin zombies (D:5)
  2 jackal skeletons (D:4)
  16 kobolds
  3 kobold skeletons (D:5)
  2 quokka skeletons
  9 rats
  20 plants
  A withered plant (D:9)
604 creatures vanquished.

Vanquished Creatures (collateral kills)
  An orc high priest (Orc:2)
  A troll (Orc:2)
  An orc warrior (Orc:1)
  9 orc priests
  2 orc wizards
  4 orcs
  A fungus (Lair:3)
19 creatures vanquished.

Vanquished Creatures (others)
  A troll (Orc:1)
  2 orc warriors
  A water elemental (Elf:1)
  An orc (Orc:1)
  3 jackals (D:7)
  8 fungi
  3 plants (Lair:5)
  A snaplasher vine (Lair:5)
  A spectral weapon (Elf:1)
21 creatures vanquished.

Grand Total: 644 creatures vanquished

Notes
Turn   | Place    | Note
-------+----------+-------------------------------------------
     0 | D:1      | Merlin the Gnoll Wanderer began the quest for the Orb.
     0 | D:1      | Merlin set off with: a +2 hand crossbow, 25 bolts, a +0
                  | mace, a +0 ring mail, a ration
     0 | D:1      | Reached XP level 1. HP: 23/23 MP: 2/2
    84 | D:1      | Reached XP level 2. HP: 23/29 MP: 3/3
   337 | D:1      | Reached XP level 3. HP: 25/35 MP: 4/4
   523 | D:1      | Reached skill level 1 in Invocations
   746 | D:2      | Noticed Sigmund
   783 | D:2      | Found a shattered altar of Ashenzari.
   789 | D:2      | Reached skill level 1 in Short Blades
   789 | D:2      | Reached skill level 1 in Long Blades
   789 | D:2      | Reached skill level 1 in Axes
   789 | D:2      | Reached skill level 1 in Maces & Flails
   789 | D:2      | Reached skill level 1 in Polearms
   789 | D:2      | Reached skill level 1 in Staves
   789 | D:2      | Reached skill level 1 in Slings
   789 | D:2      | Reached skill level 1 in Bows
   789 | D:2      | Reached skill level 1 in Throwing
   789 | D:2      | Reached skill level 1 in Dodging
   789 | D:2      | Reached skill level 1 in Shields
   789 | D:2      | Reached skill level 1 in Unarmed Combat
   789 | D:2      | Reached skill level 1 in Spellcasting
   833 | D:2      | Became a worshipper of Ashenzari the Shackled
   844 | D:2      | Reached XP level 4. HP: 39/41 MP: 6/6
  1239 | D:3      | Noticed Grinder
  1245 | D:3      | Paralysed by Grinder for 4 turns
  1265 | D:3      | Killed Grinder
  1265 | D:3      | Reached skill level 1 in Conjurations
  1265 | D:3      | Reached skill level 1 in Hexes
  1265 | D:3      | Reached skill level 1 in Charms
  1265 | D:3      | Reached skill level 1 in Summonings
  1265 | D:3      | Reached skill level 1 in Necromancy
  1265 | D:3      | Reached skill level 1 in Translocations
  1265 | D:3      | Reached skill level 1 in Transmutations
  1265 | D:3      | Reached skill level 1 in Fire Magic
  1265 | D:3      | Reached skill level 1 in Ice Magic
  1265 | D:3      | Reached skill level 1 in Air Magic
  1265 | D:3      | Reached skill level 1 in Earth Magic
  1265 | D:3      | Reached skill level 1 in Poison Magic
  1265 | D:3      | Reached XP level 5. HP: 28/47 MP: 7/7
  1265 | D:3      | Reached XP level 6. HP: 32/53 MP: 8/8
  1346 | D:3      | Found a hide-covered altar of Uskayaw.
  1347 | D:3      | Noticed a dagger
  1347 | D:3      | Noticed a hand axe
  1809 | D:3      | Found a blossoming altar of Fedhas.
  2181 | D:4      | Got the cursed ring mail of Serendipity {*Contam +Fly rCorr
                  | Int+8}
  2192 | D:4      | Identified the cursed +1 ring mail of Serendipity {*Contam
                  | +Fly rCorr Int+8} (You found it on level 4 of the Dungeon)
  2293 | D:4      | Found a glowing silver altar of Zin.
  2435 | D:4      | Reached * piety under Ashenzari
  2493 | D:4      | Found an ornate altar of the Wu Jian Council.
  2591 | D:4      | Found the +8 glaive of the Guard {elec, +Rage AC+5 SInv}
  2751 | D:4      | Reached XP level 7. HP: 56/59 MP: 10/10
  2826 | D:5      | Entered Level 5 of the Dungeon
  2892 | D:5      | Found a glowing drain.
  2929 | D:5      | Found Meath's Armour Emporium.
  2996 | D:5      | Found a glowing golden altar of the Shining One.
  3068 | D:5      | Found a sparkling altar of Nemelex Xobeh.
  3226 | D:5      | Reached skill level 9 in Armour
  3285 | D:5      | Reached XP level 8. HP: 67/67 MP: 12/12
  3302 | D:5      | Found a runed gate.
  3302 | D:5      | Found a runed gate.
  3302 | D:5      | Found a runed gate.
  3303 | D:5      | Noticed Lavandula's ghost (amateur CeBe)
  3323 | D:5      | Killed Lavandula's ghost
  3572 | D:6      | Identified the +6 short sword of Juckeuce {flame, rC+}
  3590 | D:6      | Found Kissiow's Antique Armour Boutique.
  3691 | D:6      | Found a glowing golden altar of the Shining One.
  3789 | D:6      | Learned a level 2 spell: Shroud of Golubria
  3793 | D:6      | Learned a level 3 spell: Regeneration
  3835 | D:6      | Found an opulent altar of Gozag.
  3858 | D:6      | Reached XP level 9. HP: 72/72 MP: 14/14
  4054 | D:6      | Found a deep blue altar of Sif Muna.
  4271 | D:7      | Found a stormy altar of Qazlal.
  4363 | D:7      | Reached ** piety under Ashenzari
  4382 | D:7      | Learned a level 3 spell: Spectral Weapon
  4386 | D:7      | Learned a level 3 spell: Regeneration
  4547 | D:7      | Noticed Pikel
  4563 | D:7      | Killed Pikel
  4563 | D:7      | Reached skill level 5 in Crossbows
  4563 | D:7      | Reached skill level 5 in Evocations
  4636 | D:7      | Reached skill level 5 in Stealth
  4636 | D:7      | Found a sparkling altar of Nemelex Xobeh.
  4689 | D:7      | Found a staircase to the Ecumenical Temple.
  4846 | D:8      | Noticed Psyche
  4869 | D:8      | Reached skill level 5 in Invocations
  4960 | D:8      | Found a basalt altar of Yredelemnul.
  4971 | D:8      | Learned a level 3 spell: Stone Arrow
  5013 | D:8      | Reached XP level 10. HP: 80/80 MP: 17/17
  5077 | D:8      | Found Cifesuk's Gadget Boutique.
  5087 | D:8      | Bought a wand of enslavement (12) for 182 gold pieces
  5087 | D:8      | Bought a wand of disintegration (8) for 156 gold pieces
  5369 | D:8      | Reached skill level 5 in Short Blades
  5369 | D:8      | Reached skill level 5 in Long Blades
  5369 | D:8      | Reached skill level 5 in Axes
  5369 | D:8      | Reached skill level 5 in Maces & Flails
  5369 | D:8      | Reached skill level 5 in Polearms
  5369 | D:8      | Reached skill level 5 in Staves
  5369 | D:8      | Reached skill level 5 in Slings
  5369 | D:8      | Reached skill level 5 in Bows
  5369 | D:8      | Reached skill level 5 in Throwing
  5369 | D:8      | Reached skill level 5 in Dodging
  5369 | D:8      | Reached skill level 5 in Shields
  5369 | D:8      | Reached skill level 5 in Unarmed Combat
  5369 | D:8      | Reached skill level 5 in Spellcasting
  5530 | D:8      | Killed Psyche
  5530 | D:8      | Reached skill level 10 in Armour
  5545 | D:9      | Found an ancient bone altar of Kikubaaqudgha.
  5877 | D:9      | Reached *** piety under Ashenzari
  6179 | D:10     | Entered Level 10 of the Dungeon
  6451 | D:10     | Reached XP level 11. HP: 87/87 MP: 19/19
  6463 | D:10     | Noticed a death yak
  6465 | D:10     | Found a staircase to the Lair.
  6467 | D:10     | Noticed a death yak
  6469 | D:10     | Noticed a death yak
  6469 | D:10     | Noticed a death yak
  6469 | D:10     | Noticed a death yak
  6488 | D:10     | Killed a death yak
  6488 | D:10     | Noticed a death yak
  6492 | D:10     | Noticed a death yak
  6493 | D:10     | Noticed a death yak
  6493 | D:10     | Noticed a death yak
  6495 | D:10     | Killed a death yak
  6504 | D:10     | Killed a death yak
  6504 | D:10     | Reached skill level 5 in Conjurations
  6504 | D:10     | Reached skill level 5 in Hexes
  6504 | D:10     | Reached skill level 5 in Charms
  6504 | D:10     | Reached skill level 5 in Summonings
  6504 | D:10     | Reached skill level 5 in Necromancy
  6504 | D:10     | Reached skill level 5 in Translocations
  6504 | D:10     | Reached skill level 5 in Transmutations
  6504 | D:10     | Reached skill level 5 in Fire Magic
  6504 | D:10     | Reached skill level 5 in Ice Magic
  6504 | D:10     | Reached skill level 5 in Air Magic
  6504 | D:10     | Reached skill level 5 in Earth Magic
  6504 | D:10     | Reached skill level 5 in Poison Magic
  6511 | D:10     | Killed a death yak
  6516 | D:10     | Killed a death yak
  6526 | D:10     | Killed a death yak
  6530 | D:10     | Killed a death yak
  6532 | D:10     | Killed a death yak
  6536 | D:10     | Killed a death yak
  6815 | D:10     | Noticed a deep elf mage
  7132 | D:10     | Killed a deep elf mage
  7133 | D:10     | Reached XP level 12. HP: 96/96 MP: 22/22
  7401 | Lair:1   | Entered Level 1 of the Lair of Beasts
  7636 | Lair:1   | Reached **** piety under Ashenzari
  7925 | Lair:2   | Noticed an eight-headed hydra
  7949 | Lair:2   | Killed an eight-headed hydra
  7949 | Lair:2   | Reached skill level 11 in Armour
  8307 | Lair:2   | Learned a level 4 spell: Leda's Liquefaction
  8417 | Lair:2   | Noticed a seven-headed hydra
  8423 | Lair:2   | Killed a ten-headed hydra
  8928 | Lair:3   | Found a labyrinth entrance.
  9195 | Lair:3   | Found a staircase to the Swamp.
  9232 | Lab      | Entered a labyrinth
  9259 | Lab      | Reached skill level 10 in Fighting
  9439 | Lab      | Noticed a minotaur
  9445 | Lab      | Learned a level 5 spell: Summon Forest
  9458 | Lab      | Killed a minotaur
  9458 | Lab      | Identified the ring of Xom's Passing Interest {*Drain MR+++
                  | Int+6 SInv} (You took it off a minotaur in a labyrinth)
  9469 | Lab      | Identified the ring of the Messenger {rElec rPois Str-2
                  | Int+3}
  9883 | Lair:3   | Reached XP level 13. HP: 94/103 MP: 21/24
  9975 | Lair:3   | Found a hole to the Spider Nest.
 10066 | Spider:1 | Entered Level 1 of the Spider Nest
 10066 | Spider:1 | Noticed an entropy weaver
 10081 | Spider:1 | Killed an entropy weaver
 10097 | Spider:1 | HP: 7/154 [wolf spider (1)]
 10103 | Spider:1 | HP: 6/154 [redback (2)]
 10103 | Spider:1 | HP: 2/154 [jumping spider (4)]
 10131 | Spider:1 | HP: 4/103 [poisoned by a redback]
 10136 | Lair:3   | HP: 2/103 [poisoned by a redback]
 10141 | Lair:3   | HP: 2/103 [poisoned by a redback]
 10147 | Lair:3   | HP: 5/103 [poisoned by a redback]
 10896 | Lair:4   | Reached ***** piety under Ashenzari
 11464 | Lair:4   | Learned a level 6 spell: Hydra Form
 11884 | Lair:5   | Identified the +7 quarterstaff of Uvoisum {protect, rElec
                  | Dex-2 Stlth+}
 12307 | Lair:5   | Found a staircase to the Slime Pits.
 12421 | Lair:5   | Reached XP level 14. HP: 111/111 MP: 26/26
 13208 | D:11     | Found Luip's Weapon Shop.
 13773 | D:11     | Reached skill level 12 in Armour
 14165 | D:12     | Found a staircase to the Orcish Mines.
 14478 | Orc:1    | Entered Level 1 of the Orcish Mines
 14518 | Orc:1    | Reached skill level 10 in Evocations
 15005 | Orc:2    | Entered Level 2 of the Orcish Mines
 15150 | Orc:2    | Found Ezuc's Jewellery Boutique.
 15154 | Orc:2    | Found Gois's Weapon Shop.
 15347 | Orc:2    | Reached skill level 10 in Invocations
 15509 | Orc:2    | Found Useewk's Antique Armour Emporium.
 15552 | Orc:2    | Found a staircase to the Elven Halls.
 15890 | Orc:2    | Found a roughly hewn altar of Beogh.
 15904 | Orc:2    | Found Utunaz's Antique Weapon Boutique.
 15904 | Orc:2    | Found Jurchopua's Assorted Antiques.
 15945 | Orc:2    | Found Nulan's Weapon Boutique.
 15945 | Orc:2    | Found Vyxi's Book Shoppe.
 15966 | Orc:2    | Found Teitec's Gadget Boutique.
 16034 | Orc:2    | Found Timpav's Book Emporium.
 16398 | Orc:2    | Bought a translucent demon whip for 460 gold pieces
 16398 | Orc:2    | Identified the cursed +2 demon whip "Byofu" {freeze, +Inv
                  | Str+2 Int-5} (You bought it in a shop on level 2 of the
                  | Orcish Mines)
 16513 | Orc:2    | Bought a brown potion for 25 gold pieces
 16556 | Orc:2    | Bought a spiked shield for 285 gold pieces
 16661 | Orc:2    | Bought a fine bronze ring for 140 gold pieces
 16661 | Orc:2    | Identified the ring "Xoteat" {+Blink rPois rC+ Str-4} (You
                  | bought it in a shop on level 2 of the Orcish Mines)
 16782 | Orc:2    | Bought the amulet "Leri Wuikk" {+Fly rC+ Regen+ Str+4} for
                  | 654 gold pieces
 16808 | Orc:2    | Identified the cursed +0 shield "Punixoemp" {rPois Dex+2}
                  | (You bought it in a shop on level 2 of the Orcish Mines)
 16840 | Elf:1    | Entered Level 1 of the Elven Halls
 16996 | Elf:1    | Noticed a deep elf blademaster
 17091 | Elf:1    | Noticed a deep elf demonologist
 17099 | Elf:1    | Noticed a reaper
 17101 | Elf:1    | Killed from afar by a deep elf knight

Skill      XL: |  1  2  3  4  5  6  7  8  9 10 11 12 13 14 |
---------------+-------------------------------------------+-----
Invocations    | 1 2 3 4 5 6 7 8 9 10 | 10.2
Short Blades   | 1 2 3 4 5 6 7 8 9 |  9.4
Long Blades    | 1 2 3 4 5 6 7 8 9 |  9.4
Axes           | 1 2 3 4 5 6 7 8 9 |  9.4
Maces & Flails | 1 2 3 4 5 6 7 8 9 |  9.4
Polearms       | 1 2 3 4 5 6 7 8 9 |  9.4
Staves         | 1 2 3 4 5 6 7 8 9 |  9.4
Slings         | 1 2 3 4 5 6 7 8 9 |  9.4
Bows           | 1 2 3 4 5 6 7 8 9 |  9.4
Throwing       | 1 2 3 4 5 6 7 8 9 |  9.4
Dodging        | 1 2 3 4 5 6 7 8 9 |  9.4
Shields        | 1 2 3 4 5 6 7 8 9 |  9.4
Unarmed Combat | 1 2 3 4 5 6 7 8 9 |  9.4
Spellcasting   | 1 2 3 4 5 6 7 8 9 |  9.4
Crossbows      | 3 4 5 6 7 8 9 |  9.8
Stealth        | 3 4 5 6 7 8 9 |  9.7
Conjurations   | 1 2 3 4 5 6 7 |  7.9
Hexes          | 1 2 3 4 5 6 7 |  7.9
Charms         | 1 2 3 4 5 6 7 |  7.9
Summonings     | 1 2 3 4 5 6 7 |  7.9
Necromancy     | 1 2 3 4 5 6 7 |  7.9
Translocations | 1 2 3 4 5 6 7 |  7.9
Transmutations | 1 2 3 4 5 6 7 |  7.9
Fire Magic     | 1 2 3 4 5 6 7 |  7.9
Ice Magic      | 1 2 3 4 5 6 7 |  7.9
Air Magic      | 1 2 3 4 5 6 7 |  7.9
Earth Magic    | 1 2 3 4 5 6 7 |  7.9
Poison Magic   | 1 2 3 4 5 6 7 |  7.9
Evocations     | 3 4 5 6 7 8 9 10 | 10.7
Fighting       | 7 8 9 10 11 | 11.3
Armour         | 9 10 11 12 | 12.3

Action                   |  1- 3 |  4- 6 |  7- 9 | 10-12 | 13-15 || total
-------------------------+-------+-------+-------+-------+-------++-------
Melee: Mace              |   106 |   165 |       |       |       ||   271
       Bite              |     9 |    22 |    14 |    66 |    69 ||   180
       Glaive            |       |     8 |   236 |   505 |   644 ||  1393
       Short sword       |       |       |       |    10 |       ||    10
       Demon whip        |       |       |       |       |    79 ||    79
 Fire: Hand crossbow     |     9 |     1 |       |       |       ||    10
 Cast: Shroud of Golubri |       |       |     1 |     4 |     3 ||     8
       Stone Arrow       |       |       |       |    12 |     2 ||    14
       Spectral Weapon   |       |       |       |     1 |     1 ||     2
       Regeneration      |       |       |       |       |     8 ||     8
       Summon Forest     |       |       |       |       |     3 ||     3
       Leda's Liquefacti |       |       |       |       |     1 ||     1
Invok: Curse Item        |       |     2 |     2 |     3 |       ||     7
       Scrying           |       |       |       |     1 |     1 ||     2
 Abil: Evoke Berserk Rag |       |     1 |       |       |       ||     1
       Evoke Invisibilit |       |       |       |       |     1 ||     1
Evoke: Wand              |       |       |     1 |     6 |    37 ||    44
       Lamp of fire      |       |       |       |     1 |     1 ||     2
       Phial of floods   |       |       |       |       |     1 ||     1
  Use: Scroll            |       |     2 |     8 |     7 |    12 ||    29
       Potion            |       |       |     4 |     5 |    17 ||    26
 Stab: Sleeping          |     1 |     3 |     6 |    10 |    13 ||    33
       Distracted        |       |     1 |       |       |     3 ||     4
       Invisible         |       |       |       |       |     5 ||     5
  Eat: Chunk             |       |     3 |    10 |    13 |    14 ||    40
       Ration            |       |     1 |     1 |     2 |     3 ||     7
Armor: Ring mail         |    53 |    91 |   202 |   191 |   345 ||   882
       Skin              |       |       |       |       |   134 ||   134
Dodge: Dodged            |    74 |   112 |   251 |   358 |   913 ||  1708
Block: Shield            |       |       |       |       |    19 ||    19
